 Dungeon Crawl Stone Soup version 0.29-a0-284-gf9362112df (webtiles) character file.

Game seed: 2308259296543710823

62 holysushi the Skirmisher (level 3, -2/29 HPs)
             Began as a Demonspawn Abyssal Knight on Mar 20, 2022.
             Was a Priest of Lugonu.
             Shot with a sling bullet by a goblin (6 damage)
             ... on level 2 of the Dungeon.
             The game lasted 00:02:55 (1421 turns).

holysushi the Skirmisher (DsAK)                     Turns: 1421, Time: 00:02:55

Health: -2/29      AC:  3    Str: 15    XL:     3   Next: 85%
Magic:  4/4        EV: 11    Int: 11    God:    Lugonu [***...]
Gold:   26         SH:  0    Dex: 13    Spells: 2/2 levels left

rFire   . . .      SeeInvis .   a - +2 hand axe
rCold   . . .      Faith    .   (no shield)
rNeg    . . .      Spirit   .   b - +0 leather armour
rPois   .          Reflect  .   (no helmet)
rElec   .          Harm     .   (no cloak)
rCorr   .          Rampage  .   (no gloves)
Will    .....                   (no boots)
Stlth   +.........              (no amulet)
HPRegen 0.09/turn               (no ring)
MPRegen 0.09/turn               (no ring)

@: no status effects
A: demonic magic 1
a: Renounce Religion, Depart the Abyss, Bend Space, Banish


You were on level 2 of the Dungeon.
You worshipped Lugonu.
Lugonu was most pleased with you.
You visited 1 branch of the dungeon, and saw 2 of its levels.
You visited the Abyss 1 time.

You collected 54 gold pieces.
You spent 28 gold pieces at shops.

Inventory:

Hand Weapons
 a - a +2 hand axe (weapon)
Armour
 b - a +0 leather armour (worn)
Jewellery
 h - an amulet of reflection
Scrolls
 g - a scroll of teleportation
 i - a scroll of enchant armour {unknown}
Potions
 d - a potion of heal wounds


   Skills:
 + Level 3.6 Fighting
 * Level 3.3 Axes
 - Level 1.7 Armour
 - Level 0.8 Dodging
 - Level 2.4 Invocations


You had 2 spell levels left.
You didn't know any spells.
Your spell library was empty.

Dungeon Overview and Level Annotations

Branches:
Dungeon (2/15)

Altars:

Shops:
D:1 ?


Innate Abilities, Weirdness & Mutations

Spells you cast may paralyse adjacent enemies.


Message History

The rat misses you.
You slash the rat!
You kill the rat!
Lugonu accepts your kill.
You hit the hobgoblin but do no damage.
The hobgoblin is almost dead.
The hobgoblin hits you.
You hit the hobgoblin.
You kill the hobgoblin!
Lugonu accepts your kill. The adder completely misses you.
You hit the adder.
The adder is moderately wounded.
The adder completely misses you.
You hit the adder.
The adder is heavily wounded.
The adder bites you but does no damage.
You hit the adder.
The adder is almost dead.
The adder barely misses you. The adder bites you but does no damage.
You hit the adder.
You kill the adder!
Lugonu accepts your kill.
The goblin unwields a +0 club.
The goblin wields a +0 hunting sling.
The goblin shoots a sling bullet.
The sling bullet hits you.
You hit the gnoll.
The gnoll is heavily wounded.
The gnoll hits you with a +0 whip.
* * * LOW HITPOINT WARNING * * *
You barely miss the gnoll.
The gnoll is heavily wounded.
The gnoll hits you with a +0 whip.
* * * LOW HITPOINT WARNING * * *
You slash the gnoll!
You kill the gnoll!
Lugonu accepts your kill.
You can now banish your foes.
The goblin shoots a sling bullet.
The sling bullet barely misses you.
You swing at nothing.
The goblin shoots a sling bullet.
The sling bullet hits you.
You die...

.#..P≈##.##....##.##.#
.
.#.≈≈♣##.#####.....#.#
.# .##≈≈≈.#.#
####....##.# .#
.≈..#.# #.......# ##
#..#.# ###†...##
#..#########....#
............<.#
#####.......#
#@##....# ##)###..##
###.g# ..# #.).## ....
#.†..S...##.#
#..♣≈≈≈P..#.. ....
.≈≈≈♣.. ....≈ ≈.≈≈#
.....♣≈ ≈≈≈≈..


You could see a goblin.

Vanquished Creatures
  A gnoll (D:2)
  An adder (D:2)
  A dart slug (D:1)
  A ball python (D:2)
  3 endoplasms (D:1)
  A giant cockroach (D:1)
  5 goblins
  3 hobgoblins
  A jackal (D:2)
  7 kobolds
  2 quokkas (D:1)
  5 bats
  5 frilled lizards
  5 rats
41 creatures vanquished.

Vanquished Creatures (collateral kills)
  A jackal (D:2)
1 creature vanquished.

Vanquished Creatures (others)
  13 plants (D:2)
  2 starspawn tentacles (Abyss:1)
15 creatures vanquished.

Grand Total: 57 creatures vanquished

Notes
Turn   | Place    | Note
-------+----------+-------------------------------------------
     0 | Abyss:1  | holysushi the Demonspawn Abyssal Knight began the quest for
                  | the Orb.
     0 | Abyss:1  | Reached XP level 1. HP: 18/18 MP: 2/2
    28 | Abyss:1  | Noticed a tentacled starspawn
    68 | Abyss:1  | Noticed a great orb of eyes
    72 | Abyss:1  | Noticed an iron imp
    75 | Abyss:1  | Noticed an ancient zyme
    86 | Abyss:1  | Noticed a ynoxinul
    88 | D:1      | Escaped the Abyss
   259 | D:1      | Reached ** piety under Lugonu
   261 | D:1      | Gained mutation: Spells you cast may paralyse adjacent
                  | enemies. [demonic ancestry]
   261 | D:1      | Reached XP level 2. HP: 7/24 MP: 3/3
   916 | D:1      | Found a faded altar of an unknown god.
  1040 | D:1      | Reached XP level 3. HP: 29/29 MP: 4/4
  1080 | D:1      | Found Haytwiapn's Magic Scroll Boutique.
  1298 | D:1      | Bought a scroll of identify for 28 gold pieces
  1420 | D:2      | Reached *** piety under Lugonu
  1421 | D:2      | Shot with a sling bullet by a goblin

Illustrated notes

Levels and vault maps discovered:
D:1:      psy_arrival_terrarium, layout_rooms, chequers_ecumenical_altar_lobes,
          serial_shops, shop
D:2:      layout_rooms, serial_bayou, serial_bayou_pond_e, serial_bayou_pond_b,
          serial_bayou_lagoon_a, serial_bayou_pond_a, serial_bayou_shore_b,
          kennysheep_generic_room_13

Skill      XL: |  1  2  3 |
---------------+----------+-----
Axes           | 2 3 |  3.3
Fighting       | |  3.6
Armour         | |  1.7
Dodging        | |  0.8
Invocations    | |  2.4

Action                   || total
-------------------------++-------
Melee: Hand axe          ||   102
       Punch             ||     2
Invok: Depart the Abyss  ||     1
  Use: Scroll            ||     5
Armor: Leather armour    ||    35
Dodge: Dodged            ||    81

Table legend: (Time is in decaauts)
 A = Elapsed time spent in this place.
 B = Non-inter-level travel time spent in this place.
 C = Inter-level travel time spent in this place.
 D = Time resting spent in this place.
 E = Time spent auto-exploring this place.
 F = Levels seen in this place.
 G = Mean time per level.
                   A        B        C        D        E       F      G
               +--------+--------+--------+--------+--------+-----+--------+
         Total |   1439 |   1408 |     31 |    375 |    610 |   3 |  479.7 |
       Dungeon |   1351 |   1320 |     31 |    375 |    610 |   2 |  675.5 |
         Abyss |     88 |     88 |      0 |      0 |      0 |   1 |   88.0 |
               +--------+--------+--------+--------+--------+-----+--------+

Top non-repeatable levels by time:
     D:1: 1136 daAuts
     D:2: 214 daAuts
 Abyss:1: 88 daAuts
